 Dungeon Crawl Stone Soup version 0.19-a0-1654-g9d3f708 (webtiles) character file.

19184 TheGoonsmith the Destroyer (level 12, -7/82 HPs)
             Began as an Octopode Fire Elementalist on Sept 20, 2016.
             Was a High Priest of Vehumet.
             Mangled by a basilisk (8 damage)
             ... on level 3 of the Lair of Beasts.
             The game lasted 00:46:52 (17851 turns).

TheGoonsmith the Destroyer (OpFE)                  Turns: 17851, Time: 00:46:53

Health: -7/82      AC:  1    Str: 11    XL:     12   Next: 66%
Magic:  30/33      EV:  2    Int: 22    God:    Vehumet [*****.]
Gold:   529        SH:  0    Dex: 15    Spells: 6 memorised, 5 levels left

rFire  . . .     SeeInvis +     V - +2 dagger (protect)
rCold  . . .     Gourm    .     u - +3 buckler
rNeg   + + +     Faith    .     (helmet restricted)
rPois  ∞         Spirit   .     X - amulet of magic regeneration
rElec  .         Dismiss  .     p - +2 ring of dexterity
rCorr  +         Reflect  .     t - ring of magical power
MR     .....     Harm     .     v - ring of see invisible
Stlth  +++++.....               G - ring "Coluanim" {Str+4 Stlth+}
                                J - ring of Curiosity {rCorr SInv}
                                Y - ring of Shaolin {EV+8}
                                (no ring)
                                (no ring)

@: petrified
A: almost no armour, stealthy swim, amphibious, 8 rings, constrict 8, camouflage
1, gelatinous body 1
a: Renounce Religion


You were on level 3 of the Lair of Beasts.
You worshipped Vehumet.
Vehumet was extremely pleased with you.
You were very hungry.

You visited 3 branches of the dungeon, and saw 14 of its levels.
You also visited: Ossuary.

You collected 666 gold pieces.
You spent 137 gold pieces at shops.

Inventory:

Hand Weapons
 c - a +1 dagger
 x - a +0 blowgun
 V - a +2 dagger of protection (weapon)
Missiles
 k - a throwing net
 n - 36 poisoned needles
 E - 6 poisoned tomahawks (quivered)
Armour
 u - a +3 buckler (worn)
Jewellery
 o - a cursed ring of wizardry {unknown}
 p - a +2 ring of dexterity (left tentacle)
 t - a ring of magical power (right tentacle)
 v - a ring of see invisible (on tentacle)
 G - the ring "Coluanim" (on tentacle) {Str+4 Stlth+}
   (You acquired it on level 6 of the Dungeon)

   [ring of strength]

   It affects your strength (+4).
   It makes you more stealthy.
 J - the ring of Curiosity (on tentacle) {rCorr SInv}
   (You acquired it on level 7 of the Dungeon)

   [ring of resist corrosion]

   It lets you see invisible.
 X - an amulet of magic regeneration (around mantle)
 Y - the ring of Shaolin (on tentacle) {EV+8}
   (You found it on level 9 of the Dungeon)

   [ring of evasion]

   It affects your evasion (+8).
Wands
 L - a wand of acid (8/15)
 O - a wand of disintegration (3/24)
 Q - a wand of lightning (9/15)
 T - a wand of iceblast (2/15)
 W - a wand of paralysis (24/24)
Scrolls
 f - 5 scrolls of teleportation
 i - 5 scrolls of remove curse
 r - 5 scrolls of identify
 y - a scroll of summoning
 B - a scroll of fog
 C - a scroll of magic mapping
Potions
 d - 2 potions of heal wounds {unknown}
 e - 3 potions of resistance
 g - 5 potions of curing
 j - 3 potions of flight
 m - a potion of cancellation
 q - 3 potions of berserk rage
 s - 2 potions of invisibility
 z - 2 potions of might
 D - a potion of ambrosia {unknown}
 H - 2 potions of haste
 N - a potion of mutation {unknown}
 P - a potion of lignification {unknown}
 U - a potion of magic {unknown}
Books
 w - a book of Alchemy

   Spells                             Type                      Level
   a - Sublimation of Blood           Necromancy                   2
   b - Ignite Poison                  Fire/Transmutation/Poison    3
   c - Petrify                        Transmutation/Earth          4
   d - Alistair's Intoxication        Transmutation/Poison         5
   e - Irradiate                      Conjuration/Transmutation    5
Comestibles
 a - a slice of pizza
 b - 6 bread rations
 h - 2 beef jerkies


   Skills:
 - Level 8.0 Fighting
 - Level 6.4 Dodging
 - Level 2.6 Stealth
 - Level 4.0 Shields
 + Level 8.3 Spellcasting
 * Level 10.8 Conjurations
 * Level 10.2 Fire Magic
 - Level 4.2 Earth Magic


You had 5 spell levels left.
You knew the following spells:

 Your Spells              Type           Power        Failure   Level  Hunger
a - Flame Tongue          Conj/Fire      #####        1%          1    None
b - Bolt of Fire          Conj/Fire      ######....   4%          6    ######.
c - Conjure Flame         Conj/Fire      ######..     1%          3    None
f - Fireball              Conj/Fire      ######....   1%          5    #####..
s - Sticky Flame          Conj/Fire      ######..     1%          4    ###....
x - Stone Arrow           Conj/Erth      #####.       1%          3    None


Dungeon Overview and Level Annotations

Branches:
Dungeon (10/15)            Temple (1/1) D:4            Lair (3/6) D:10
 Shoals (0/4) Lair:2
  Snake: Lair:2-4    Spider: Lair:2-4       Orc: D:9-12

Altars:
Ashenzari
Cheibriados
Dithmenos
Elyvilon
Fedhas
Gozag
Hepliaklqana
Kikubaaqudgha
Makhleb
Nemelex Xobeh
Okawaru
Qazlal
Ru
Sif Muna
Trog
Uskayaw
Vehumet
Xom
Yredelemnul
Zin
The Shining One

Shops:
D:4 ?   D:8 %


Innate Abilities, Weirdness & Mutations

You cannot wear most types of armour.
You are very stealthy in the water.
You are amphibious.
You can wear up to eight rings at the same time.
You can use your tentacles to constrict eight enemies at once.
Your skin changes colour to match your surroundings (Stealth+).
Your rubbery body absorbs attacks. (AC +1, EV +1)


Message History

The basilisk gazes at you. The basilisk bites you! The basilisk bites you!!
* * * LOW HITPOINT WARNING * * *
The basilisk bites you!
* * * LOW HITPOINT WARNING * * *
The basilisk bites you.
* * * LOW HITPOINT WARNING * * *
The basilisk bites you.
* * * LOW HITPOINT WARNING * * *
The basilisk bites you. The basilisk bites you!
* * * LOW HITPOINT WARNING * * *
The basilisk bites you!
* * * LOW HITPOINT WARNING * * *
The basilisk bites you!
* * * LOW HITPOINT WARNING * * *
The basilisk bites you.
* * * LOW HITPOINT WARNING * * *
The basilisk bites you!
You die...

# ..## ##
.>..##.### # #
........P##.#..
...............
...............
......l@l......
...............
...............
...............
...............
......##.......
...... .......
#.##.. ....##.


You could see 2 basilisks.

Vanquished Creatures
  A hydra (Lair:1)
  The ghost of Ultraviolent4 the Tainter, a novice DsVM of Qazlal (Lair:1)
  An unseen horror (D:10)
  2 hill giants (D:10)
  A black mamba (Lair:1)
  3 elephants (Lair:1)
  3 spiny frogs
  4 komodo dragons
  A troll (D:9)
  Grinder (D:5)
  A spriggan (D:7)
  2 wraiths (Ossuary)
  25 yaks
  3 basilisks (D:10)
  2 humans (D:8)
  A hungry ghost (D:7)
  Grum (D:8)
  Duvessa (D:5)
  A water moccasin (Lair:2)
  An orc warrior (D:9)
  5 porcupines
  2 sky beasts
  An ice beast (D:5)
  A black bear (D:8)
  2 phantoms
  A necrophage (D:10)
  8 wolves
  5 ogres
  15 centaurs
  7 crocodiles
  2 big kobolds
  10 bullfrogs
  Dowan (D:5)
  5 scorpions
  7 wights
  2 electric eels (Lair:1)
  8 howler monkeys
  4 crimson imps
  A bullfrog zombie (D:5)
  6 jellies
  A quasit (D:8)
  Crazy Yiuf (D:5)
  2 centaur skeletons
  An orc priest (D:8)
  5 hounds
  5 iguanas
  Natasha (thrice) (D:2)
  A bullfrog skeleton (D:9)
  5 orc wizards
  6 worker ants
  2 hound zombies (D:8)
  2 mummies
  3 hound skeletons
  3 gnolls (D:7)
  3 howler monkey skeletons
  11 adders
  20 river rats
  2 shadow imps
  2 oozes
  3 adder zombies (Ossuary)
  4 adder skeletons
  6 worms
  3 dart slugs (D:1)
  9 leopard geckos
  38 orcs
  2 ball pythons
  11 bats
  8 giant cockroaches
  3 goblins
  4 hobgoblins
  13 jackals
  7 quokkas
  A ball python skeleton (Ossuary)
  10 frilled lizards
  3 hobgoblin zombies
  A jackal skeleton (D:5)
  14 kobolds
  3 kobold zombies
  A leopard gecko skeleton (D:4)
  4 orc zombies
  2 quokka skeletons (D:6)
  6 rats
  2 fungi (Lair:1)
  A plant (Lair:1)
386 creatures vanquished.

Vanquished Creatures (others)
  The ghost of Ultraviolent4 the Stinger, an amateur DsVM (D:3)
  A frilled lizard (D:3)
  A rat (D:3)
  A bush (D:10)
  2 fungi (D:10)
  A plant (D:10)
7 creatures vanquished.

Grand Total: 393 creatures vanquished

Notes
Turn   | Place    | Note
-------+----------+-------------------------------------------
     0 | D:1      | TheGoonsmith the Octopode Fire Elementalist began the quest for the Orb.
     0 | D:1      | Reached XP level 1. HP: 11/11 MP: 3/3
   329 | D:1      | Reached XP level 2. HP: 17/17 MP: 3/5
   987 | D:2      | Reached XP level 3. HP: 21/21 MP: 4/6
  1640 | D:2      | Noticed Natasha
  1646 | D:2      | Killed Natasha
  1646 | D:2      | Reached XP level 4. HP: 27/27 MP: 4/8
  1813 | D:2      | Noticed Natasha
  1840 | D:2      | Killed Natasha
  1984 | D:2      | Noticed Natasha
  2013 | D:2      | Killed Natasha
  2013 | D:2      | Reached XP level 5. HP: 7/31 MP: 2/9
  2294 | D:3      | Learned a level 4 spell: Sticky Flame
  2298 | D:3      | Learned a level 3 spell: Conjure Flame
  2693 | D:3      | Found a burning altar of Makhleb.
  2913 | D:3      | Noticed Ultraviolent4's ghost (amateur DsVM)
  3001 | D:3      | Killed Ultraviolent4's ghost
  3673 | D:4      | Reached XP level 6. HP: 27/36 MP: 3/11
  3846 | D:4      | Found a staircase to the Ecumenical Temple.
  3852 | Temple   | Entered the Ecumenical Temple
  4073 | Temple   | Became a worshipper of Vehumet
  4976 | D:4      | Reached XP level 7. HP: 22/41 MP: 3/13
  5229 | D:4      | Reached skill level 5 in Conjurations
  5282 | D:4      | Found Fycyd's Magic Scroll Boutique.
  5295 | D:4      | Bought a scroll of teleportation for 33 gold pieces
  5295 | D:4      | Bought a scroll of summoning for 104 gold pieces
  5823 | D:5      | Entered Level 5 of the Dungeon
  5849 | D:5      | Reached * piety under Vehumet
  5849 | D:5      | Offered knowledge of Sandblast by Vehumet.
  6171 | D:5      | Learned a level 5 spell: Fireball
  6255 | D:5      | Reached skill level 5 in Fire Magic
  6261 | D:5      | Noticed Grinder
  6267 | D:5      | Killed Grinder
  6267 | D:5      | Reached XP level 8. HP: 22/46 MP: 12/15
  6814 | D:5      | Found a runed door.
  6849 | D:5      | Reached skill level 5 in Spellcasting
  7267 | D:5      | Noticed Duvessa
  7280 | D:6      | Identified a scroll of acquirement
  7281 | D:6      | Got a sparkling granite ring
  7282 | D:6      | Identified the ring "Coluanim" {Str+4 Stlth+} (You acquired it on level 6 of the Dungeon)
  7327 | D:6      | Offered knowledge of Magic Dart by Vehumet.
  7335 | D:6      | Reached ** piety under Vehumet
  7363 | D:6      | Reached skill level 1 in Shields
  7601 | D:6      | Reached XP level 9. HP: 35/51 MP: 17/17
  9376 | D:7      | Found a bloodstained altar of Trog.
  9706 | D:7      | Offered knowledge of Stone Arrow by Vehumet.
  9759 | D:7      | Learned a level 3 spell: Stone Arrow
 10072 | D:7      | Got a shimmering pewter ring
 10073 | D:7      | Identified the ring of Curiosity {rCorr SInv} (You acquired it on level 7 of the Dungeon)
 10226 | D:7      | Reached *** piety under Vehumet
 10226 | D:7      | Reached XP level 10. HP: 56/56 MP: 16/19
 10544 | D:8      | Found Guys's Food Boutique.
 10604 | D:8      | Found a sand-covered staircase.
 10612 | Ossuary  | Entered an ossuary
 10774 | Ossuary  | Offered knowledge of Iskenderun's Mystic Blast by Vehumet.
 11616 | D:8      | Found an iron altar of Okawaru.
 11942 | D:8      | Noticed Grum
 11948 | D:8      | Killed Grum
 12068 | D:8      | Reached **** piety under Vehumet
 12381 | D:5      | Noticed Dowan
 12392 | D:5      | Killed Duvessa
 12422 | D:5      | Killed Dowan
 12685 | D:5      | Noticed Crazy Yiuf
 12688 | D:5      | Killed Crazy Yiuf
 12869 | D:9      | Offered knowledge of Ignite Poison by Vehumet.
 13372 | D:9      | Reached skill level 5 in Dodging
 13590 | D:10     | Entered Level 10 of the Dungeon
 13663 | D:10     | Found a blossoming altar of Fedhas.
 13671 | D:10     | Reached XP level 11. HP: 55/61 MP: 21/21
 13715 | D:10     | Noticed an unseen horror
 13720 | D:10     | Killed an unseen horror
 13824 | D:10     | Noticed a hill giant
 13836 | D:10     | Killed a hill giant
 13836 | D:10     | Reached ***** piety under Vehumet
 13836 | D:10     | Offered knowledge of Bolt of Fire by Vehumet.
 13850 | D:10     | Learned a level 6 spell: Bolt of Fire
 14175 | D:10     | Noticed a hill giant
 14177 | D:10     | Killed a hill giant
 14177 | D:10     | Reached skill level 5 in Fighting
 14939 | D:10     | Found a staircase to the Lair.
 15308 | Lair:1   | Entered Level 1 of the Lair of Beasts
 15471 | Lair:1   | Reached skill level 1 in Earth Magic
 15654 | Lair:1   | Noticed Ultraviolent4's ghost (novice DsVM)
 15668 | Lair:1   | Killed Ultraviolent4's ghost
 15668 | Lair:1   | Reached XP level 12. HP: 73/82 MP: 7/23
 15814 | Lair:1   | Noticed a seven-headed hydra
 15831 | Lair:1   | Killed a seven-headed hydra
 15915 | Lair:1   | Reached skill level 10 in Conjurations
 16407 | Lair:1   | Found a snail-covered altar of Cheibriados.
 16961 | Lair:2   | Reached skill level 10 in Fire Magic
 16971 | Lair:2   | Found a sacrificial altar of Ru.
 16972 | Lair:2   | Offered knowledge of Orb of Destruction by Vehumet.
 17258 | Lair:2   | Found a staircase to the Shoals.
 17850 | Lair:3   | HP: 2/82 [basilisk (4)]
 17851 | Lair:3   | Mangled by a basilisk

Vault maps used:
D:1:      kilobyte_arrival_exit_the_forest
D:2:      serial_co_window_serial, co_window_paths_b, co_window_paths_a,
          co_window_corner_a, co_window_of_opportunity_a, co_window_paths_b,
          co_window_broadway_c, co_window_unsneaky_path_e, co_window_2corner,
          co_window_paths_d, uniq_natasha
D:3:      makhleb_blood_cavern_becter, serial_forest,
          infiniplex_forest_clump_medium, infiniplex_forest_zigzag_1,
          infiniplex_forest_clump_small, infiniplex_forest_end_2,
          infiniplex_forest_clump_medium, infiniplex_forest_lined_3,
          infiniplex_forest_zigzag_1, minmay_misc_feat_encased,
          lemuel_flame_loot_1
D:4:      lemuel_upstairs_altar, serial_shops,
          nicolae_shop_temple_entry_statues_fountains, first_bread
D:5:      kennysheep_spiral_hall, uniq_grinder, uniq_crazy_yiuf_cottage,
          uniq_duvessa
D:6:      nicolae_whirlpool, minmay_mini_ossuary
D:7:      bloody_trog, the_bakery
D:8:      okawaru_humans, serial_shops, kennysheep_mini,
          nicolae_ossuary_entry_giza, uniq_grum
D:10:     minmay_lair_entry_grove, fedhas_altar_3
Temple:   dpeg_five_rooms_temple
Lair:1:   basic_altar, serial_bayou_shore_a
Lair:2:   elwin_shoals_entry_rocks, lemuel_centaur_altar
Ossuary:  ossuary_due_cavern

Skill      XL: |  1  2  3  4  5  6  7  8  9 10 11 12 |
---------------+-------------------------------------+-----
Conjurations   | 2 3 4 6 7 8 9 10 | 10.8
Spellcasting   | 3 4 5 6 7 8 |  8.3
Fire Magic     | 4 5 6 7 9 10 | 10.2
Shields        | 2 4 |  4.0
Dodging        | 5 6 |  6.4
Fighting       | 8 |  8.0
Earth Magic    | 3 4 |  4.2
Stealth        | |  2.6

Action                   |  1- 3 |  4- 6 |  7- 9 | 10-12 || total
-------------------------+-------+-------+-------+-------++-------
Melee: Dagger            |     5 |     2 |    25 |    39 ||    71
       Constrict         |     2 |       |     7 |    10 ||    19
       Tentacles         |     1 |     1 |     6 |     9 ||    17
 Cast: Flame Tongue      |    59 |   100 |   240 |   413 ||   812
       Conjure Flame     |       |     1 |    14 |    30 ||    45
       Sticky Flame      |       |     3 |    11 |    35 ||    49
       Fireball          |       |       |     9 |    76 ||    85
       Stone Arrow       |       |       |       |     1 ||     1
       Bolt of Fire      |       |       |       |     4 ||     4
  Use: Potion            |       |     4 |       |     2 ||     6
       Scroll            |       |     9 |     8 |    13 ||    30
 Stab: Sleeping          |       |       |     1 |       ||     1
  Eat: Chunk             |     2 |    12 |    17 |    36 ||    67
       Bread ration      |       |       |     1 |       ||     1
       Meat ration       |       |       |       |     2 ||     2
       Beef jerky        |       |       |       |     1 ||     1
Armor: Skin              |     1 |     4 |     2 |     5 ||    12
Dodge: Dodged            |    10 |    34 |    46 |   113 ||   203
Block: Buckler           |       |       |    14 |    44 ||    58
